 Dungeon Crawl Stone Soup version 0.26-a0-200-g62faa89a7e (webtiles) character file.

Game seed: 14652972177202967951

65 Gargoyl the Skirmisher (level 3, -2/31 HPs)
             Began as a Centaur Abyssal Knight on July 5, 2020.
             Was a Follower of Lugonu.
             Shot with an arrow by a centaur (11 damage)
             ... on level 2 of the Dungeon.
             The game lasted 00:03:28 (2498 turns).

Gargoyl the Skirmisher (Centaur Abyssal Knight)     Turns: 2498, Time: 00:03:28

Health: -2/31      AC:  5    Str: 14    XL:     3   Next: 94%
Magic:  4/4        EV:  9    Int: 11    God:    Lugonu [*.....]
Gold:   140        SH:  0    Dex:  9    Spells: 2/2 levels left

rFire    . . .     SeeInvis .   a - +1 hand axe
rCold    . . .     Faith    .   (no shield)
rNeg     . . .     Spirit   .   b - +1 leather armour
rPois    +         Reflect  .   (no helmet)
rElec    .         Harm     .   (no cloak)
rCorr    .                      (no gloves)
MR       .....                  (no barding)
Stlth    ..........             (no amulet)
HPRegen  0.10/turn              i - ring of poison resistance
MPRegen  0.09/turn              (no ring)

@: very quick
A: large, hooves 3, deformed body, speed 2, tough skin 3
a: Depart the Abyss, Renounce Religion


You were on level 2 of the Dungeon.
You worshipped Lugonu.
Lugonu was aware of your devotion.
You were not hungry.

You visited 1 branch of the dungeon, and saw 2 of its levels.
You visited the Abyss 1 time.

You collected 140 gold pieces.

Inventory:

Hand Weapons
 a - a +1 hand axe (weapon)
Armour
 b - a +1 leather armour (worn)
Jewellery
 i - a ring of poison resistance (left hand)
Scrolls
 d - a scroll of enchant armour
 f - 2 scrolls of identify
 j - a scroll of teleportation
 k - 2 scrolls of remove curse
Potions
 e - a potion of curing
 h - a potion of stabbing
Comestibles
 c - 2 rations


   Skills:
 + Level 3.3 Fighting
 + Level 2.4 Axes
 * Level 2.1 Armour
 * Level 1.1 Dodging
 * Level 2.4 Invocations


You had 2 spell levels left.
You didn't know any spells.
Your spell library contained the following spells:

 Spells                   Type           Power        Failure   Level  Hunger
 Summon Small Mammal      Summ           #...         41%         1    ##.....
 Call Imp                 Summ           #.......     54%         2    ###....
 Call Canine Familiar     Summ           #.......     78%         3    ####...
 Summon Guardian Golem    Hex/Summ       #.......     78%         3    ####...
 Summon Ice Beast         Ice/Summ       #.......     99%         4    #####..
 Summon Lightning Spire   Summ/Air       #.......     99%         4    #####..


Dungeon Overview and Level Annotations

Branches:
Dungeon (2/15)

Altars:
Elyvilon


Innate Abilities, Weirdness & Mutations

You have hooves in place of feet.
Armour fits poorly on your strangely shaped body.
You cover ground very quickly.
You have extremely tough skin. (AC +3)


Message History

Done waiting.
What are your orders? t - Shout!
Orders for allies: a - Attack new target. r - Retreat! s - Stop attacking. g - Guard the area. f - Follow me.
Anything else - Cancel.
You shout for attention!
The centaur shoots an arrow.
The arrow hits you.
You see here an arrow.
The centaur shoots an arrow.
The arrow barely misses you.
The centaur shoots an arrow.
The arrow hits you!
You see here 2 arrows.
The centaur shoots an arrow.
The arrow barely misses you.
You see here an arrow.
The centaur shoots an arrow.
The arrow hits you!
* * * LOW HITPOINT WARNING * * *
You see here an arrow.
The centaur shoots an arrow.
The arrow hits you!
You die...

#.....#.### ##..
#.....#...###########..#
####รท......<..........##
#....####.#############
###### #.# # #.# #####
########### #.### #.....
#.........####...#####...#
#.......<.((@....c.....#
#.........########..#### #
#...........#######.# #
#>........#..(..###.### #
#.........#####...#.(.##
#### ###########
###...#.(###...
###.......... #####......
####..#


You could see a centaur.

Vanquished Creatures
  2 adders (D:2)
  4 worms (D:2)
  A dart slug (D:2)
  A leopard gecko (D:1)
  4 giant cockroaches
  2 goblins
  4 hobgoblins
  2 jackals (D:1)
  2 kobolds
  A bat (D:2)
  A frilled lizard (D:1)
  11 rats (D:1)
35 creatures vanquished.

Notes
Turn   | Place    | Note
-------+----------+-------------------------------------------
     0 | Abyss:1  | Gargoyl the Centaur Abyssal Knight began the quest for the
                  | Orb.
     0 | Abyss:1  | Reached XP level 1. HP: 19/19 MP: 2/2
     0 | Abyss:1  | Found a corrupted altar of Lugonu.
    34 | Abyss:1  | Noticed a wretched star
    39 | Abyss:1  | Noticed a chaos spawn
    40 | Abyss:1  | Noticed an ancient zyme
    43 | Abyss:1  | Noticed an eye of draining
    46 | Abyss:1  | Noticed a small abomination
    48 | Abyss:1  | Noticed an ancient zyme
    54 | Abyss:1  | Noticed a small abomination
    58 | Abyss:1  | Noticed a ynoxinul
   107 | Abyss:2  | Noticed an ancient zyme
   175 | Abyss:3  | Noticed a quasit
   176 | Abyss:3  | Noticed a neqoxec
   181 | Abyss:3  | Noticed a quasit
   181 | Abyss:3  | Noticed an iron imp
   259 | Abyss:4  | Noticed a chaos spawn
   284 | Abyss:4  | Noticed a thrashing horror
   286 | Abyss:4  | Noticed a large abomination
   287 | D:1      | Escaped the Abyss
   524 | D:1      | Reached XP level 2. HP: 3/26 MP: 3/3
   890 | D:1      | Reached * piety under Lugonu
  1390 | D:2      | Reached skill level 1 in Dodging
  1684 | D:2      | Found a white marble altar of Elyvilon.
  1691 | D:2      | Reached XP level 3. HP: 31/31 MP: 4/4
  2314 | D:2      | Noticed a centaur
  2498 | D:2      | Shot with an arrow by a centaur

Illustrated notes

Levels and vault maps discovered:
D:1:      erik_arrival_orb_chamber, layout_basic, minmay_rat_gold_closets
D:2:      layout_rooms, old_standard_altar

Skill      XL: |  1  2  3 |
---------------+----------+-----
Axes           | 2 |  2.4
Dodging        | 1 |  1.1
Armour         | 2 |  2.1
Fighting       | |  3.3
Invocations    | |  2.4

Action                   || total
-------------------------++-------
Melee: Hand axe          ||    96
       Kick              ||    16
Invok: Depart the Abyss  ||     1
  Use: Scroll            ||     8
       Potion            ||     2
  Eat: Chunk             ||     4
Armor: Leather armour    ||    47
Dodge: Dodged            ||    52

Table legend:
 A = Non-vault XP
 B = Vault XP
 C = Vault XP percentage of total XP
 D = Non-vault monster count
 E = Vault monster count
 F = Vault count percentage of total count
                 A         B        C        D         E       F
            +---------+---------+-------+---------+---------+-------
      Total |      85 |       9 |   9.6 |      26 |       9 |  25.7
            +---------+---------+-------+---------+---------+-------
        D:1 |      18 |       9 |  33.3 |      10 |       9 |  47.4
        D:2 |      67 |       0 |   0.0 |      16 |       0 |   0.0
            +---------+---------+-------+---------+---------+-------
